 Dungeon Crawl Stone Soup version 0.30-a0-1161-g0704695555 (console) character file.

Game seed: 12257173438595768330

28167 jejorda2 the Impaler (level 13, 0/150 HPs)
             Began as a Merfolk Berserker on Apr 27, 2023.
             Was an Elder of Trog.
             Slain by a sun demon (13 damage)
             ... summoned by a kobold demonologist
             ... on level 12 of the Dungeon.
             The game lasted 00:39:12 (13572 turns).

jejorda2 the Impaler (Merfolk Berserker)           Turns: 13572, Time: 00:39:12

Health: 0/150      AC: 27    Str: 22    XL:     13   Next: 37%
Magic:  13/13      EV:  4    Int:  6    God:    Trog [****..]
Gold:   446        SH:  0    Dex:  9    Spells: 12/12 levels left

rFire   . . .        a - +0 glaive
rCold   + + .        (shield currently unavailable)
rNeg    . . .        G - +0 crystal plate armour
rPois   .            F - +0 helmet
rElec   .            L - +0 cloak
rCorr   .            p - +2 pair of gloves
SInv    +            A - +1 pair of boots
Will    ++...        h - amulet of the acrobat Stlth
                     c - ring "Hirazem" {rC++ Will++ Dex-5 SInv}
HPRegen 0.45/turn    (no ring)
MPRegen 0.13/turn

%: acrobat
@: berserking, very quick
A: (nimble swimmer 2), mertail
a: Renounce Religion, Berserk, Trog's Hand, Brothers in Arms


You were on level 12 of the Dungeon.
You worshipped Trog.
Trog was greatly pleased with you.
You visited 1 branch of the dungeon, and saw 12 of its levels.
You also visited: Bailey.

You collected 695 gold pieces.
You spent 249 gold pieces at shops.

Inventory:

Hand Weapons
 a - a +0 glaive (weapon)
 b - a +2 halberd of flaming
Missiles
 e - 36 poisoned darts
 k - 90 stones
 x - 2 curare-tipped darts
 y - 6 throwing nets
 C - 4 boomerangs of dispersal
 D - 15 boomerangs (quivered)
 H - 6 datura-tipped darts
Armour
 p - a +2 pair of gloves (worn)
 A - a +1 pair of boots (worn)
 F - a +0 helmet (worn)
 G - a +0 crystal plate armour (worn)
 L - a +0 cloak (worn)
Jewellery
 c - the ring "Hirazem" (left hand) {rC++ Will++ Dex-5 SInv}
   (You acquired it on level 6 of the Dungeon)

   [ring of see invisible]

   Dex:       It affects your dexterity (-5).
   rC:        It greatly protects you from cold.
   SInv:      It lets you see invisible.
   Will:      It greatly increases your willpower.
 h - an amulet of the acrobat (around neck)
Wands
 j - a wand of paralysis (12)
 o - a wand of flame (26)
 z - a wand of roots (10)
 B - a wand of digging (2)
 K - a wand of polymorph (5)
 N - a wand of acid (5)
Scrolls
 d - 5 scrolls of teleportation
 f - 6 scrolls of enchant weapon
 m - 3 scrolls of poison
 t - 3 scrolls of fog
 E - 2 scrolls of fear
 J - a scroll of blinking
 M - 4 scrolls of magic mapping
Potions
 g - 7 potions of curing
 i - a potion of magic
 l - 2 potions of flight
 n - 7 potions of haste
 q - a potion of invisibility
 r - 4 potions of heal wounds
 s - 6 potions of attraction
 u - 2 potions of berserk rage
 v - 2 potions of might
 w - 2 potions of ambrosia
 I - a potion of mutation


   Skills:
 * Level 8.9 Fighting
 - Level 20.0 Polearms
 + Level 10.2 Throwing
 + Level 7.4 Armour
 - Level 2.6 Dodging
 + Level 1.5 Evocations


You had 12 spell levels left.
You didn't know any spells.
Your spell library was empty.

Dungeon Overview and Level Annotations

Branches:
Dungeon (12/15)            Temple (0/1) D:5            Lair (0/5) D:9
 Bailey (visited)
    Orc: D:9-12

Altars:
Ashenzari
Dithmenos
Elyvilon
Fedhas
Nemelex Xobeh
Okawaru
Qazlal
Trog
Uskayaw
Vehumet
Wu Jian
Xom
Zin

Shops:
D:7 *   D:11 *


Innate Abilities, Weirdness & Mutations

((You are very nimble when in or above water. (Stealth+, EV+, Speed+++)))
Your lower body shifts to a powerful aquatic tail in water.


Message History

You closely miss the sun demon.
The sun demon is heavily wounded.
The sun demon hits you but does no damage.
Reach: a) +0 glaive
Press: ? - help, Dir - move target, f - kobold demonologist, p - sun demon
Aim: a kobold demonologist, wielding a +0 dagger and wearing a +0 robe (about 44% to evade your +0 glaive)
The sun demon is in the way.
You slice the sun demon!!
The sun demon is almost dead.
The sun demon hits you.
You are engulfed in flames!!
Reach: a) +0 glaive
Press: ? - help, Dir - move target, f/p - kobold demonologist
Aim: a kobold demonologist, wielding a +0 dagger and wearing a +0 robe (about 44% to evade your +0 glaive)
The sun demon is in the way.
You hit the sun demon but do no damage.
The sun demon is almost dead.
The sun demon hits you but does no damage.
Reach: a) +0 glaive
Press: ? - help, Dir - move target, f/p - kobold demonologist
Aim: a kobold demonologist, wielding a +0 dagger and wearing a +0 robe (about 44% to evade your +0 glaive)
The sun demon is in the way.
You hit the sun demon but do no damage.
The sun demon is almost dead.
The sun demon hits you!!
You are engulfed in flames!!
Reach: a) +0 glaive
Press: ? - help, Dir - move target, f/p - kobold demonologist
Aim: a kobold demonologist, wielding a +0 dagger and wearing a +0 robe (about 44% to evade your +0 glaive)
You reach to attack!
You slash the kobold demonologist!
The kobold demonologist is moderately wounded.
The sun demon hits you!
You are engulfed in flames!
* * * LOW HITPOINT WARNING * * *
A red film seems to cover your vision as you go berserk!
You feel yourself moving faster!
You feel mighty!
The sun demon hits you but does no damage.
Reach: a) +0 glaive
Press: ? - help, Dir - move target, f/p - kobold demonologist
Aim: a kobold demonologist, wielding a +0 dagger and wearing a +0 robe (moderately wounded, about 44% to evade your +0 glaive)
The sun demon is in the way.
You hit the sun demon.
The sun demon is almost dead.
The sun demon hits you!!
* * * LOW HITPOINT WARNING * * *
You are engulfed in flames!
You die...

#.......# #.3.K...#
#.......# #.......#
#.......# #.......#
#'# #####.# #..@3K#
##'#######
#############.........
..........#.'.........
..........#.#.>.......
..........#.#.........
..........#.#.........
..........'.#.........
..........###.........


You could see a sun demon (summoned) and a kobold demonologist.

Vanquished Creatures
  An orc warlord (Bailey)
  Harold (D:9)
  A boulder beetle (D:12)
  7 two-headed ogres
  Nergalle (D:10)
  A skeletal warrior (D:9)
  2 orc knights
  2 deep elf pyromancers (D:9)
  3 ugly things
  Maurice (D:11)
  A cyclops (D:11)
  2 gargoyles
  Psyche (D:11)
  Maggie (D:7)
  3 komodo dragons
  Grinder (D:4)
  A vampire (D:11)
  2 shadows
  2 wraiths (D:11)
  18 yaks
  2 steam dragons
  3 water moccasins
  Duvessa (D:7)
  An acid dragon (D:9)
  7 orc warriors
  An ice beast (D:7)
  A black bear (D:5)
  3 sky beasts
  An ogre (D:6)
  5 centaurs
  2 phantoms (D:5)
  4 kobold brigands
  6 bullfrogs
  2 scorpions
  3 wights (D:6)
  Dowan (D:7)
  5 killer bees (D:9)
  4 howler monkeys
  2 vampire bats (D:7)
  4 electric eels (D:11)
  4 orc priests (D:10)
  4 gnoll boudas
  2 hounds
  3 iguanas
  8 orc wizards
  19 gnolls
  5 adders
  A shadow imp (D:5)
  An ufetubus (D:6)
  A worm (D:3)
  2 dart slugs
  14 orcs
  6 ball pythons
  8 bats
  5 endoplasms
  3 giant cockroaches
  8 goblins
  7 hobgoblins
  2 jackals (D:2)
  36 kobolds
  3 quokkas
  3 frilled lizards
  5 rats
260 creatures vanquished.

Vanquished Creatures (others)
  A wizard (D:4)
  A butterfly (D:3)
  9 fungi (D:4)
  40 plants (D:9)
51 creatures vanquished.

Grand Total: 311 creatures vanquished

Notes
Turn   | Place    | Note
-------+----------+-------------------------------------------
     0 | D:1      | jejorda2 the Merfolk Berserker began the quest for the Orb.
     0 | D:1      | Reached XP level 1. HP: 18/18 MP: 1/1
   149 | D:1      | Reached XP level 2. HP: 24/24 MP: 2/2
   683 | D:1      | Reached skill level 5 in Polearms
   826 | D:2      | Reached XP level 3. HP: 30/30 MP: 3/3
  1358 | D:2      | Reached XP level 4. HP: 37/37 MP: 4/4
  1619 | D:3      | Found a blossoming altar of Fedhas.
  1909 | D:3      | Reached ** piety under Trog
  1985 | D:3      | Found a sparkling altar of Nemelex Xobeh.
  2084 | D:3      | Found a white marble altar of Elyvilon.
  2233 | D:3      | You fall into a shaft and drop 2 floors!
  2233 | D:5      | Entered Level 5 of the Dungeon
  2249 | D:5      | Found a staircase to the Ecumenical Temple.
  2263 | D:5      | Noticed a black bear
  2269 | D:5      | Killed a black bear
  2270 | D:5      | Reached skill level 6 in Polearms
  2270 | D:5      | Reached XP level 5. HP: 43/43 MP: 5/5
  2343 | D:5      | Reached skill level 7 in Polearms
  2343 | D:5      | Reached XP level 6. HP: 31/50 MP: 6/6
  2479 | D:5      | Reached skill level 5 in Fighting
  2598 | D:5      | Found a radiant altar of Vehumet.
  2601 | D:5      | Found a hide-covered altar of Uskayaw.
  2604 | D:5      | Found a glowing silver altar of Zin.
  2617 | D:5      | Found a shadowy altar of Dithmenos.
  2757 | D:5      | Found a broken altar of Ashenzari.
  2866 | D:5      | Reached skill level 8 in Polearms
  3171 | D:4      | Reached XP level 7. HP: 35/56 MP: 7/7
  3250 | D:4      | Noticed Grinder
  3265 | D:4      | Killed Grinder
  3266 | D:4      | Reached skill level 9 in Polearms
  3383 | D:4      | Found a bloodstained altar of Trog.
  3385 | D:4      | Noticed a wizard
  3389 | D:4      | Killed a wizard
  4490 | D:6      | Reached skill level 10 in Polearms
  4501 | D:6      | Reached XP level 8. HP: 64/64 MP: 8/8
  4593 | D:6      | Identified a scroll of acquirement
  4593 | D:6      | Acquired the ring "Hirazem" {rC++ Will++ Dex-5 SInv}
  4632 | D:6      | Reached skill level 11 in Polearms
  5158 | D:6      | Reached skill level 12 in Polearms
  5684 | D:6      | Reached skill level 13 in Polearms
  5980 | D:6      | Identified the +4 sling of the Exiled Tales {elec, rC+
                  | rCorr}
  6120 | D:7      | Found a shimmering altar of Xom.
  6121 | D:7      | Found a shimmering altar of Xom.
  6164 | D:7      | Found Daimeqez's General Store.
  6166 | D:7      | Found a shimmering altar of Xom.
  6167 | D:7      | Found a shimmering altar of Xom.
  6168 | D:7      | Found a shimmering altar of Xom.
  6169 | D:7      | Found a shimmering altar of Xom.
  6190 | D:7      | Reached XP level 9. HP: 40/69 MP: 9/9
  6190 | D:7      | Noticed a komodo dragon
  6193 | D:7      | Killed a komodo dragon
  6194 | D:7      | Reached skill level 14 in Polearms
  6338 | D:7      | Noticed Duvessa
  6510 | D:7      | Killed Duvessa
  6569 | D:7      | Found a shimmering altar of Xom.
  6574 | D:7      | Found a shimmering altar of Xom.
  6574 | D:7      | Noticed a komodo dragon
  6576 | D:7      | a golden eye changed into an entropy weaver
  6576 | D:7      | Noticed an entropy weaver (shapeshifter)
  6577 | D:7      | a komodo dragon changed into a moth of wrath
  6577 | D:7      | Noticed a moth of wrath (shapeshifter)
  6579 | D:7      | an entropy weaver changed into a yaktaur
  6579 | D:7      | Noticed a yaktaur (shapeshifter)
  6599 | D:7      | Noticed Dowan
  6888 | D:7      | Noticed a cyclops
  6928 | D:7      | Killed Dowan
  6977 | D:7      | Noticed a hornet
  7033 | D:8      | Noticed a two-headed ogre
  7049 | D:8      | Killed a two-headed ogre
  7050 | D:8      | Reached skill level 15 in Polearms
  7314 | D:8      | Found an ornate altar of the Wu Jian Council.
  7357 | D:8      | Reached XP level 10. HP: 76/76 MP: 10/10
  7361 | D:8      | Reached skill level 5 in Armour
  7376 | D:8      | Reached *** piety under Trog
  7921 | D:9      | Reached skill level 16 in Polearms
  8071 | D:9      | Found a flagged portal.
  8091 | Bailey   | Entered a bailey
  8118 | Bailey   | Noticed an orc warlord
  8263 | Bailey   | Reached skill level 1 in Throwing
  8358 | Bailey   | Found a runed translucent gate.
  8370 | Bailey   | Found a runed translucent gate.
  8371 | Bailey   | Found a runed translucent gate.
  8439 | Bailey   | Noticed an orc knight
  8449 | Bailey   | Killed an orc knight
  8450 | Bailey   | Reached skill level 17 in Polearms
  8604 | Bailey   | Killed an orc warlord
  8605 | Bailey   | Reached XP level 11. HP: 81/81 MP: 11/11
  8620 | Bailey   | Identified the +8 dagger of Orghu Vyts {vamp, rElec rN+
                  | Int-4 Dex+6}
  8913 | D:9      | Noticed Harold
  8938 | D:9      | Killed Harold
  8939 | D:9      | Reached skill level 18 in Polearms
  9013 | D:9      | Found a stormy altar of Qazlal.
  9170 | D:9      | Noticed a skeletal warrior
  9176 | D:9      | Noticed a deep elf pyromancer
  9197 | D:9      | Noticed a two-headed ogre
  9200 | D:9      | Noticed a deep elf pyromancer
  9240 | D:9      | Reached skill level 20 in Polearms
  9240 | D:9      | Reached XP level 12. HP: 64/88 MP: 12/12
  9373 | D:9      | Reached **** piety under Trog
  9433 | D:9      | Killed a two-headed ogre
  9473 | D:9      | Noticed a two-headed ogre
  9479 | D:9      | Killed a two-headed ogre
  9707 | D:9      | Found a staircase to the Lair.
  9953 | D:10     | Entered Level 10 of the Dungeon
  9965 | D:10     | Noticed a two-headed ogre
  9987 | D:10     | Killed a two-headed ogre
 10274 | D:10     | Noticed Nergalle
 10611 | D:10     | Found an iron altar of Okawaru.
 10864 | D:10     | Killed Nergalle
 11357 | D:11     | Noticed a two-headed ogre
 11428 | D:11     | Killed a two-headed ogre
 11510 | D:11     | Noticed Maurice
 11521 | D:11     | Killed Maurice
 11550 | D:11     | Found Zeirghil's Specific Store.
 11553 | D:11     | Found Ligothos's General Store.
 11568 | D:11     | Bought a +2 halberd of flaming for 249 gold pieces
 11769 | D:11     | Reached XP level 13. HP: 98/98 MP: 13/13
 11809 | D:11     | Noticed Psyche
 11818 | D:11     | Killed Psyche
 12244 | D:11     | Reached skill level 10 in Throwing
 12734 | D:7      | Noticed Maggie
 12748 | D:7      | Killed Maggie
 13147 | D:12     | Reached skill level 1 in Evocations
 13572 | D:12     | Slain by a sun demon

Illustrated notes

Levels and vault maps discovered:
D:1:      dpeg_arrival_arbitrary_b, layout_basic, minmay_door_square
D:2:      layout_basic, interstate_on_off
D:3:      layout_basic, fedhas_altar_4, nicolae_elyvilon_peaceful_grove,
          nicolae_overflow_hidden_temple
D:4:      layout_gridville, trog_wizard, dreamdust_mushroom_princess,
          uniq_grinder
D:5:      layout_rooms, kennysheep_mini_moat, grunt_temple_overflow_cloverleaf,
          minmay_temple_entry_offerings
D:6:      layout_layer_cave, corexii_shack, roderic_lattice_a,
          minmay_misc_feat_chi
D:7:      layout_basic, xom_shifter_show, serial_shops, nicolae_take_the_stairs,
          serial_glass, glass_columns_a, glass_columns_a, minmay_hedge_maze,
          roderic_batcave, uniq_maggie, uniq_duvessa
D:8:      layout_cave_pods, nicolae_wu_jian_wuxing_cycle
D:9:      layout_loops_ring, lemuel_doored_altar, david_lair_shrubbed,
          enter_bailey_8, minmay_fractal_squares_gapless_7, uniq_harold
D:10:     layout_basic, okawaru_metal_pillars_1_2, uniq_nergalle
D:11:     cheibrodos_barr_body, layout_basic, nicolae_specific_store,
          uniq_maurice, uniq_psyche
D:12:     layout_roguey, orc_0_dummy, drop_trap

Skill      XL: |  1  2  3  4  5  6  7  8  9 10 11 12 13 |
---------------+----------------------------------------+-----
Polearms       | 5 6 7 8 10 13 15 17 20 | 20.0
Fighting       | 4 5 6 7 8 |  8.9
Armour         | 4 6 7 |  7.4
Throwing       | 3 6 9 10 | 10.2
Evocations     | 1 |  1.5
Dodging        | |  2.6

Action                     |  1- 3 |  4- 6 |  7- 9 | 10-12 | 13-15 || total
---------------------------+-------+-------+-------+-------+-------++-------
  Melee: Spear             |    99 |   131 |    89 |       |       ||   319
         Punch             |       |     1 |       |       |       ||     1
         Halberd           |       |       |   217 |    19 |       ||   236
         Glaive            |       |       |       |   443 |   158 ||   601
         Tailslap          |       |       |       |     1 |       ||     1
  Throw: Dart              |     1 |       |       |    11 |     5 ||    17
         Stone             |       |     2 |     5 |     7 |       ||    14
         Boomerang         |       |       |       |       |     7 ||     7
 Invoke: Berserk           |     1 |     2 |     7 |    10 |     3 ||    23
         Trog's Hand       |       |       |     3 |     9 |     4 ||    16
  Evoke: Wand              |       |       |       |     8 |       ||     8
    Use: Scroll            |       |       |    17 |     8 |     3 ||    28
         Potion            |       |       |       |     2 |     1 ||     3
   Stab: Paralysed         |       |       |       |     6 |       ||     6
 Armour: Animal skin       |     7 |       |       |       |       ||     7
         Ring mail         |    13 |    15 |       |       |       ||    28
         Scale mail        |       |    15 |   103 |    69 |       ||   187
         Plate armour      |       |       |       |     2 |       ||     2
         Crystal plate arm |       |       |       |   139 |    86 ||   225
  Dodge: Dodged            |    47 |    45 |   121 |   147 |    29 ||   389

Table legend: (Time is in decaauts)
 A = Elapsed time spent in this place.
 B = Non-inter-level travel time spent in this place.
 C = Inter-level travel time spent in this place.
 D = Time resting spent in this place.
 E = Time spent auto-exploring this place.
 F = Levels seen in this place.
 G = Mean time per level.
                   A        B        C        D        E       F      G
               +--------+--------+--------+--------+--------+-----+--------+
         Total |  13477 |  12556 |    921 |   1069 |   9144 |  13 | 1036.7 |
       Dungeon |  12930 |  12009 |    921 |    939 |   8953 |  12 | 1077.5 |
        Bailey |    546 |    546 |      0 |    129 |    191 |   1 |  546.0 |
               +--------+--------+--------+--------+--------+-----+--------+

Top non-repeatable levels by time:
    D:10: 1827 daAuts
     D:6: 1570 daAuts
     D:9: 1461 daAuts
     D:7: 1157 daAuts
     D:3: 1076 daAuts
     D:8: 1023 daAuts
     D:5: 951 daAuts
     D:4: 917 daAuts
    D:11: 908 daAuts
     D:1: 807 daAuts
     D:2: 785 daAuts
  Bailey: 546 daAuts
    D:12: 444 daAuts
